 Dungeon Crawl Stone Soup version 0.12.2-14-g7c90c79 (webtiles) character file.

272 MarVin the Shield-Bearer (level 4, 0/36 HPs)
             Began as a Demonspawn Fighter on Aug 5, 2013.
             Slain by a phantom (3 damage)
             ... on Level 2 of the Dungeon.
             The game lasted 00:05:54 (1880 turns).

MarVin the Shield-Bearer (Demonspawn Fighter)       Turns: 1880, Time: 00:05:54

HP   0/36        AC  9     Str 18      XL: 4   Next: 64%
MP   3/3         EV  4     Int  9      God:
Gold 160         SH 18     Dex 12      Spells:  0 memorised,  3 levels left

Res.Fire  : . . .   See Invis. : .   a - +0 hand axe {=f}
Res.Cold  : . . .   Warding    : .   y - +0 chain mail
Life Prot.: . . .   Conserve   : .   c - +0 shield
Res.Poison: .       Res.Corr.  : .   (no helmet)
Res.Elec. : .       Clarity    : .   l - +0 cloak
Sust.Abil.: + .     Spirit.Shd : .   (no gloves)
Res.Mut.  : .       Stasis     : .   (no boots)
Res.Rott. : .       Ctrl.Telep.: .   (no amulet)
Saprovore : . . .   Flight     : .   (no ring)
                                     h - ring of sustain abilities

@: slightly resistant to hostile enchantments, extremely unstealthy
A: spiny 1
a: no special abilities


You were on level 2 of the Dungeon.
You were not hungry.

You visited 1 branch of the dungeon, and saw 3 of its levels.

You collected 140 gold pieces.

Inventory:

Hand weapons
 a - a +0,+0 hand axe (weapon) {=f}
Armour
 b - a +0 scale mail
 c - a +0 shield (worn)
 j - a +0 chain mail
 l - a +0 cloak (worn)
 y - a +0 chain mail (worn)
Comestibles
 d - a bread ration
 r - 3 meat rations
Scrolls
 f - a scroll of recharging {unknown}
 i - a scroll of identify
 k - 3 scrolls of teleportation {unknown}
 m - 2 scrolls of remove curse
 n - a scroll of enchant weapon I {unknown}
 o - 2 scrolls of curse armour {unknown}
 s - 3 scrolls of enchant weapon II
 u - a scroll of fog {unknown}
 v - a scroll of noise {unknown}
 w - 2 scrolls of random uselessness {unknown}
 A - 4 scrolls of amnesia {unknown}
 B - a scroll of blinking {unknown}
Jewellery
 h - a ring of sustain abilities (left hand)
Potions
 e - a potion of curing {unknown}
 g - 4 potions of heal wounds {unknown}
 t - a potion of confusion {unknown}
 x - a potion of brilliance {unknown}
 z - a potion of restore abilities {unknown}


   Skills:
 + Level 3.3 Fighting
 + Level 2.3 Axes
 + Level 3.1 Armour
 + Level 1.8 Dodging
 + Level 3.5 Shields


You had 3 spell levels left.
You didn't know any spells.

Dungeon Overview and Level Annotations

Branches:
Dungeon (3/27)

Altars:


Innate Abilities, Weirdness & Mutations

You are partially covered in sharp spines.


Message History

The phantom dodges your spines. The phantom hits you.
* * * LOW HITPOINT WARNING * * *
The phantom blinks!
The phantom blinks!
You start resting.
The phantom blinks!
You start resting.
The phantom hits you.
* * * LOW HITPOINT WARNING * * *
You closely miss the phantom.
The phantom is lightly damaged.
The phantom dodges your spines.
The phantom hits you but does no damage.
You hit the phantom.
The phantom is lightly damaged.
You block the phantom's attack.
You closely miss the phantom.
The phantom is lightly damaged.
The phantom hits you.
You die...

.........# #.#
.........# #.#
........%# #.#
.........# #.#
.........##### #.#
<#.###.......# #.#
...# #.......# #.#
.### #.......# #.#
.#####.......###@#
..........>..%.p.#
.#.###.......#####
.#.# #.......#
##.# #.......#
...# #.......#
#### ######### .#
.#


You could see a phantom.

Vanquished Creatures
  An orc priest (D:3)
  An adder (D:2)
  2 giant geckos
  An orc (D:3)
  2 giant cockroaches (D:1)
  8 hobgoblins
  15 jackals
  10 kobolds
  A quokka (D:2)
  3 ball pythons
  6 bats
  4 giant newts
  5 goblins
  10 rats
  13 toadstools (D:1)
82 creatures vanquished.

Vanquished Creatures (others)
  30 toadstools (D:1)
30 creatures vanquished.

Grand Total: 112 creatures vanquished

Notes
Turn   | Place    | Note
--------------------------------------------------------------
     0 | D:1      | MarVin, the Demonspawn Fighter, began the quest for the Orb.
     0 | D:1      | Reached XP level 1. HP: 18/18 MP: 0/0
   116 | D:1      | Reached XP level 2. HP: 16/24 MP: 1/1
   697 | D:1      | Reached XP level 3. HP: 30/30 MP: 2/2
  1161 | D:2      | Reached skill level 1 in Dodging
  1360 | D:2      | Gained mutation: You are partially covered in sharp spines. [demonic ancestry]
  1360 | D:2      | Reached XP level 4. HP: 33/36 MP: 3/3
  1774 | D:3      | HP: 1/36 [orc/glowing orcish trident (1)]
  1842 | D:2      | Noticed a phantom
  1880 | D:2      | Slain by a phantom

Action                   |  1- 3 |  4- 6 || total
-------------------------+-------+-------++-------
Melee: Hand axe          |   202 |    66 ||   268
  Use: Scroll            |     2 |       ||     2
